 Dungeon Crawl Stone Soup version 0.27-a0-1442-g87b6fcb595 (webtiles) character file.

Game seed: 2112736774865031485

15874 Spectrina the Markself (level 12, 51/54 HPs)
             Began as a Deep Elf Arcane Marksman on May 12, 2021.
             Was a Priest of Hepliaklqana.
             Quit the game on level 5 of the Lair of Beasts on July 4, 2021.
             The game lasted 02:56:42 (10264 turns).

Spectrina the Markself (Deep Elf Arcane Marksman)  Turns: 10264, Time: 02:56:43

Health: 51/54      AC: 11    Str: 11    XL:     12   Next: 5%
Magic:  33/33      EV: 28    Int: 20    God:    Hepliaklqana [***...]
Gold:   549        SH:  0    Dex: 21    Spells: 5/25 levels left

rFire    . . .     SeeInvis .   r - +0 lajatang
rCold    . . .     Faith    .   (shield currently unavailable)
rNeg     . . .     Spirit   .   N - +0 steam dragon scales
rPois    .         Reflect  .   (helmet restricted)
rElec    .         Harm     .   (no cloak)
rCorr    .         Rampage  .   O - +2 pair of gloves
Will     +....     Clarity  +   F - +2 pair of boots
Stlth    ++........             A - amulet of the acrobat
HPRegen  0.18/turn              G - ring of magical power
MPRegen  0.23/turn              Z - +6 ring of dexterity

@: acrobatic
A: reduced essence, antennae 1, clarity
a: Renounce Religion, Recall Ancestor, Ancestor Identity, Transference


You were on level 5 of the Lair of Beasts.
You worshipped Hepliaklqana.
Hepliaklqana was most pleased with you.
You visited 4 branches of the dungeon, and saw 16 of its levels.
You also visited: Ossuary.

You collected 549 gold pieces.

Inventory:

Hand Weapons
 a - a +0 shortbow
 r - a +0 lajatang (weapon)
 s - a +0 great mace
 t - a +0 hunting sling
 Q - a +2 falchion of electrocution
Missiles
 d - 114 arrows
 f - 399 stones
 m - 12 silver javelins (quivered)
 J - 14 boomerangs of dispersal
 K - 73 sling bullets
 W - 5 atropa-tipped darts
Armour
 F - a +2 pair of boots (worn)
 N - +0 steam dragon scales (worn)
 O - a +2 pair of gloves (worn)
Magical Staves
 b - a staff of death
 l - a staff of cold
Jewellery
 A - an amulet of the acrobat (around neck)
 G - a ring of magical power (left hand)
 H - a ring of positive energy
 P - a ring of resist corrosion
 X - an amulet of magic regeneration
 Y - a ring of wizardry
 Z - a +6 ring of dexterity (right hand)
Wands
 e - a wand of iceblast (16)
 C - a wand of mindburst (17)
 L - a wand of acid (11)
 V - a wand of paralysis (10)
Scrolls
 c - 2 scrolls of fog {unknown}
 g - a scroll of silence {unknown}
 j - 3 scrolls of immolation
 o - 2 scrolls of summoning
 q - a scroll of amnesia
 v - 2 scrolls of enchant weapon {unknown}
 y - a scroll of fear
 z - 3 scrolls of teleportation
 B - a scroll of vulnerability
 D - 2 scrolls of blinking
 M - 2 scrolls of enchant armour
 R - a scroll of torment
Potions
 h - a potion of brilliance
 i - 2 potions of haste
 k - a potion of might {unknown}
 n - a potion of cancellation {unknown}
 p - a potion of resistance {unknown}
 u - 4 potions of mutation
 w - 4 potions of heal wounds
 x - a potion of ambrosia {unknown}
 E - 3 potions of attraction {unknown}
 I - a potion of berserk rage {unknown}
 S - a potion of invisibility
 T - a potion of experience {unknown}
Miscellaneous
 U - a phial of floods (inert)


   Skills:
 - Level 0.7 Fighting
 * Level 15.6 Bows
 - Level 2.4 Dodging
 - Level 7.0 Spellcasting
 + Level 13.6 Hexes
 + Level 2.3 Translocations
 - Level 7.0 Earth Magic
 + Level 7.7 Invocations


You had 5 spell levels left.
You knew the following spells:

 Your Spells              Type           Power      Damage    Failure   Level
a - Corona                Hex            63%        N/A       1%          1
k - Inner Flame           Hex/Fire       34%        N/A       1%          3
l - Slow                  Hex            57%        N/A       1%          2
m - Animate Skeleton      Necr           14%        N/A       10%         1
n - Summon Small Mammal   Summ           28%        N/A       10%         1
o - Cause Fear            Hex            28%        N/A       1%          4
p - Leda's Liquefaction   Hex/Erth       24%        N/A       1%          4
q - Portal Projectile     Hex/Tloc       76%        N/A       1%          3
x - Apportation           Tloc           32%        N/A       3%          1

Your spell library contained the following spells:

 Spells                   Type           Power      Damage    Failure   Level
 Blink                    Tloc           N/A        N/A       5%          2
 Gell's Gravitas          Tloc           8%         N/A       11%         3
 Lesser Beckoning         Tloc           8%         N/A       11%         3
 Teleport Other           Tloc           16%        N/A       11%         3
 Manifold Assault         Tloc           16%        N/A       71%         5


Dungeon Overview and Level Annotations

Branches:
Dungeon (9/15)             Temple (1/1) D:7            Lair (5/6) D:9
 Shoals (0/4) Lair:2        Snake (1/4) Lair:4      Ossuary (visited)
  Slime: Lair:5-6       Orc: D:9-12

Altars:
Ashenzari
Cheibriados
Dithmenos
Elyvilon
Fedhas
Gozag
Hepliaklqana
Kikubaaqudgha
Makhleb
Nemelex Xobeh
Okawaru
Qazlal
Ru
Sif Muna
Trog
Uskayaw
Vehumet
Wu Jian
Xom
Yredelemnul
Zin
The Shining One

Shops:
D:7 :

Annotations:
D:8 Harold, Maurice
Lair:3 Prince Ribbit
Snake:1 Donald


Innate Abilities, Weirdness & Mutations

Your life essence is reduced to manifest your ancestor. (-10% HP)
You have a pair of small antennae on your head.
You possess an exceptional clarity of mind.


Message History

r - a +0 lajatang (weapon)
The bullfrog hits you but does no damage.
Gat hits the bullfrog with a +0 flail.
You closely miss the bullfrog.
The bullfrog is moderately wounded.
The bullfrog hits you but does no damage.
The bullfrog swells and bulges.
The bullfrog barely misses you.
Gat hits the bullfrog with a +0 flail!
You hit the bullfrog.
The bullfrog is severely wounded.
The bullfrog completely misses you. The bullfrog hits you.
Gat hits the bullfrog with a +0 flail!
The bullfrog dies!
Your pack is full.
You see here a lumpy red potion.
You can't carry that many items.
Drop what? 52/52 slots (_ for help) (? for menu, Esc to quit)
Okay, then.
Unknown command.
Saving game... please wait.
Welcome back, Spectrina the Deep Elf Arcane Marksman.
Hepliaklqana says: Your past becomes your present!
Press ? for a list of commands and other information.
Okay, then.
Okay, then.
Okay, then.
Okay, then.
Are you sure you want to abandon this character and quit the game? (Confirm with "yes".)
Okay, then.
Unknown command.
Unknown command.
You can't carry that many items.
Press: ? - help, v - describe, . - travel, g - get item Item here: a lumpy red potion.
The floor.
Unknown command.
Unknown command.
Drop what? 52/52 slots (_ for help) (? for menu, Esc to quit)
Okay, then.
Are you sure you want to abandon this character and quit the game? (Confirm with "yes".)

#.P........#
..........#
.###.........#
..P..........#
.............#
.............#
..#.P........#
#..P..@R....#####
####.............
#.....<.......
#.............
#.........#P..
.........### ..
..........#
...........
..........##


You could see the friendly gat the knight.

Vanquished Creatures
  2 hydras (Lair:4)
  A manticore (Lair:2)
  A black mamba (Lair:1)
  4 cane toads
  2 komodo dragons
  2 polar bears
  2 blink frogs (Lair:3)
  A wyvern (D:8)
  A wraith (D:9)
  6 yaks
  A basilisk (Lair:3)
  A steam dragon (D:6)
  3 water moccasins
  A hornet zombie (D:7)
  An orc warrior (D:9)
  A black bear (D:7)
  3 necrophages
  5 wolves
  An ogre (D:5)
  A centaur (D:9)
  A kobold brigand (D:6)
  3 bullfrogs
  6 scorpions
  5 wights (D:8)
  3 howler monkeys (D:7)
  An electric eel (Lair:2)
  2 centaur zombies
  A bullfrog zombie (D:5)
  2 human zombies (Ossuary)
  A gnoll shaman (D:6)
  2 orc priests
  4 hounds
  A centaur skeleton (D:4)
  2 orc wizards
  3 hell rats (Lair:4)
  2 scorpion zombies (Ossuary)
  A howler monkey zombie (D:7)
  2 mummies (Ossuary)
  6 gnolls
  4 adders
  A shadow imp (D:6)
  An ufetubus (D:6)
  An adder skeleton (D:4)
  A worm (D:2)
  A dart slug (D:2)
  9 orcs
  4 endoplasms
  2 giant cockroaches (D:1)
  A gnoll zombie (Ossuary)
  6 goblins
  2 hobgoblins
  6 jackals
  12 kobolds
  2 quokkas
  3 ball pythons
  2 bats
  2 frilled lizards
  2 hobgoblin zombies (Ossuary)
  3 kobold zombies (Ossuary)
  2 orc zombies (Ossuary)
  3 rats
158 creatures vanquished.

Vanquished Creatures (collateral kills)
  4 cane toads
  A rime drake (Lair:4)
  5 komodo dragons
  A polar bear (Lair:2)
  A wind drake (Lair:2)
  3 blink frogs (Lair:3)
  6 yaks
  3 basilisks
  A naga (Lair:4)
  3 water moccasins
  5 wolves
  A centaur (D:7)
  10 bullfrogs
  2 scorpions
  An electric eel (Lair:2)
  2 centaur zombies (Ossuary)
  A jelly (D:4)
  2 orc priests
  A centaur skeleton (D:7)
  4 hell rats (Lair:4)
  3 orc wizards
  A mummy (Ossuary)
  A howler monkey zombie (D:8)
  2 gnolls
  A howler monkey skeleton (D:6)
  A shadow imp (D:8)
  An ufetubus (D:4)
  6 orcs
  An endoplasm (D:4)
  2 kobold zombies (Ossuary)
  An orc zombie (Ossuary)
77 creatures vanquished.

Vanquished Creatures (others)
  A scorpion (Ossuary)
  9 ancestors
  8 knights
  A goblin zombie (D:4)
  A fungus (Lair:5)
  15 plants
35 creatures vanquished.

Grand Total: 270 creatures vanquished

Notes
Turn   | Place    | Note
-------+----------+-------------------------------------------
     0 | D:1      | Spectrina the Deep Elf Arcane Marksman began the quest for
                  | the Orb.
     0 | D:1      | Reached XP level 1. HP: 11/11 MP: 5/5
    29 | D:2      | Reached skill level 3 in Bows
   134 | D:1      | Reached XP level 2. HP: 10/16 MP: 4/6
   285 | D:1      | Learned a level 2 spell: Slow
   287 | D:1      | Learned a level 1 spell: Animate Skeleton
   482 | D:2      | Reached XP level 3. HP: 9/20 MP: 5/7
   497 | D:2      | Learned a level 1 spell: Apportation
   927 | D:3      | Reached skill level 4 in Bows
   927 | D:3      | Reached skill level 5 in Hexes
   931 | D:3      | Learned a level 1 spell: Summon Small Mammal
   986 | D:2      | Reached XP level 4. HP: 20/24 MP: 7/9
  1252 | D:5      | Entered Level 5 of the Dungeon
  1252 | D:5      | Noticed an ogre
  1345 | D:4      | Noticed a necrophage
  1434 | D:4      | Reached XP level 5. HP: 12/28 MP: 2/12
  1545 | D:4      | Found a sand-covered staircase.
  1554 | Ossuary  | Entered an ossuary
  1701 | Ossuary  | Reached skill level 5 in Bows
  1883 | Ossuary  | Reached XP level 6. HP: 16/33 MP: 8/14
  2281 | Ossuary  | Reached skill level 6 in Bows
  2281 | Ossuary  | Reached skill level 5 in Spellcasting
  2286 | Ossuary  | Learned a level 4 spell: Cause Fear
  2291 | Ossuary  | Learned a level 4 spell: Leda's Liquefaction
  2561 | Ossuary  | Reached XP level 7. HP: 22/37 MP: 8/17
  2643 | Ossuary  | Gained mutation: You have a pair of small antennae on your
                  | head. [potion of mutation]
  2643 | Ossuary  | Gained mutation: You possess an exceptional clarity of
                  | mind. [potion of mutation]
  2922 | Ossuary  | Upgraded the game from 0.27-a0-1147-gb3d8e82157 to
                  | 0.27-a0-1149-g4505690ab0
  3199 | D:4      | Reached skill level 7 in Bows
  3613 | D:5      | Learned a level 3 spell: Inner Flame
  3715 | D:6      | Reached XP level 8. HP: 32/42 MP: 18/20
  4075 | D:6      | Reached skill level 8 in Bows
  4079 | D:6      | Learned a level 3 spell: Portal Projectile
  4810 | D:7      | Found a staircase to the Ecumenical Temple.
  4819 | Temple   | Entered the Ecumenical Temple
  4860 | Temple   | Became a worshipper of Hepliaklqana the Forgotten
  5007 | D:7      | Reached skill level 9 in Bows
  5026 | D:7      | Found a basalt altar of Yredelemnul.
  5061 | D:8      | Noticed Harold
  5171 | D:6      | Reached skill level 10 in Hexes
  5250 | D:7      | Reached * piety under Hepliaklqana
  5317 | D:7      | Found Foewk's Book Shoppe.
  5353 | D:7      | Reached skill level 10 in Bows
  5561 | D:8      | Reached XP level 9. HP: 41/41 MP: 21/21
  5566 | D:8      | Noticed Maurice
  5710 | D:7      | Reached skill level 1 in Earth Magic
  5839 | D:7      | Reached skill level 1 in Invocations
  6194 | D:8      | Reached skill level 11 in Bows
  6589 | D:9      | Noticed a death yak
  6589 | D:9      | Noticed a death yak
  6741 | D:9      | Found a staircase to the Lair.
  6749 | D:9      | Noticed a death yak
  6807 | D:9      | Noticed a death yak
  6876 | D:9      | Noticed a death yak
  6961 | Lair:1   | Entered Level 1 of the Lair of Beasts
  6962 | Lair:1   | Noticed a cane toad
  6969 | Lair:1   | Reached ** piety under Hepliaklqana
  6973 | Lair:1   | Killed a cane toad
  6974 | Lair:1   | Remembered your ancestor gat as a knight
  7058 | Lair:1   | Noticed a komodo dragon
  7076 | Lair:1   | Killed a komodo dragon
  7082 | Lair:1   | Noticed a komodo dragon
  7153 | Lair:1   | Killed a komodo dragon
  7154 | Lair:1   | Reached skill level 12 in Bows
  7154 | Lair:1   | Reached XP level 10. HP: 45/45 MP: 22/22
  7258 | Lair:1   | Noticed a black mamba
  7268 | Lair:1   | Killed a black mamba
  7276 | Lair:1   | Noticed a cane toad
  7287 | Lair:1   | Killed a cane toad
  7601 | Lair:1   | Reached skill level 5 in Earth Magic
  7618 | Lair:1   | Reached skill level 13 in Bows
  7679 | Lair:2   | Noticed a cane toad
  7701 | Lair:2   | Killed a cane toad
  7702 | Lair:2   | Reached skill level 5 in Invocations
  7912 | Lair:2   | Reached XP level 11. HP: 49/49 MP: 23/23
  8023 | Lair:2   | Found a staircase to the Shoals.
  8073 | Lair:2   | Reached *** piety under Hepliaklqana
  8100 | Lair:2   | Reached skill level 14 in Bows
  8904 | Lair:3   | Upgraded the game from 0.27-a0-1149-g4505690ab0 to
                  | 0.27-a0-1154-gfdeffcb720
  8945 | Lair:3   | Upgraded the game from 0.27-a0-1154-gfdeffcb720 to
                  | 0.27-a0-1158-gaa87e14f67
  9050 | Lair:3   | Noticed Prince Ribbit
  9254 | Lair:4   | Noticed a five-headed hydra
  9267 | Lair:4   | Killed a five-headed hydra
  9268 | Lair:4   | Reached skill level 15 in Bows
  9422 | Lair:5   | Noticed an eight-headed hydra
  9670 | Lair:4   | Noticed a six-headed hydra
  9687 | Lair:4   | Killed a six-headed hydra
  9688 | Lair:4   | Reached skill level 1 in Translocations
  9689 | Lair:4   | Upgraded the game from 0.27-a0-1158-gaa87e14f67 to
                  | 0.27-a0-1177-g245c70e1c0
  9787 | Lair:4   | Reached **** piety under Hepliaklqana
  9795 | Lair:4   | Found a staircase to the Snake Pit.
  9877 | Snake:1  | Entered Level 1 of the Snake Pit
  9877 | Snake:1  | Noticed Donald
  9877 | Snake:1  | Noticed a nagaraja
 10017 | Lair:4   | Reached XP level 12. HP: 32/54 MP: 11/24
 10264 | Lair:5   | Upgraded the game from 0.27-a0-1177-g245c70e1c0 to
                  | 0.27-a0-1442-g87b6fcb595
 10264 | Lair:5   | Quit the game

Illustrated notes

Levels and vault maps discovered:
D:1:      grunt_arrival_lava_bath, layout_basic
D:2:      wad_pebble_path, layout_loops_ring
D:3:      layout_loops_corners, chequers_serial_rivers_small_3, uniq_ijyb
D:4:      layout_cave_pools, enter_ossuary_3, hangedman_decor_diamond_cutter
D:5:      layout_basic
D:6:      layout_gridville, solitary_fountain, minmay_unpleasant_kobolds
D:7:      layout_gridville, lemuel_zombie_altar_yredelemnul, temple_hall,
          serial_shops, nicolae_shop_waterfront, minmay_small_thing
D:8:      layout_basic, hangedman_decor_peaks_small, minmay_misc_feat_doors,
          uniq_maurice, uniq_harold
D:9:      layout_small_grid, dpeg_lair_monsters, erik_orc_2
Temple:   nicolae_temple_the_god_donut
Lair:1:   layout_hall_layers, ldierk_geyser, grunt_megastairs_3,
          lemuel_fruit_tree
Lair:2:   layout_big_grid, minmay_shoals_entry_beasts, serial_bayou,
          serial_bayou_shore_b, serial_bayou_pond_a, serial_bayou_lagoon_b,
          serial_bayou_pond_e, cheibrodos_lair_lostbears, grunt_megastairs_2
Lair:3:   layout_regular_city, grunt_megastairs_5, minmay_lair_oklob_chamber,
          uniq_prince_ribbit2
Lair:4:   layout_cave_pods, guppyfry_snake_entry_garden,
          infiniplex_staircase_pool_2
Lair:5:   nzn_winding_woodlands_medium [nzn_winding_woodlands_5x5_checkerboard,
          nzn_winding_woodlands_5x15_sidewinder,
          nzn_winding_woodlands_hourglass, nzn_winding_woodlands_5x5_cross,
          nzn_winding_woodlands_center_triple_pond,
          nzn_winding_woodlands_5x5_perimeter, nzn_winding_woodlands_5x5_three,
          nzn_winding_woodlands_5x15_pathside_ponds,
          nzn_winding_woodlands_5x5_default], layout_long_grid,
          lemuel_fruit_fields
Snake:1:  layout_onion, uniq_donald

Skill      XL: |  1  2  3  4  5  6  7  8  9 10 11 |
---------------+----------------------------------+-----
Bows           | 3 4 5 6 7 10 12 13 15 | 15.6
Spellcasting   | 2 3 4 5 6 7 |  7.0
Hexes          | 5 6 7 8 10 11 12 13 | 13.6
Earth Magic    | 3 5 7 |  7.0
Invocations    | 3 5 7 |  7.7
Translocations | 2 |  2.3
Fighting       | |  0.7
Dodging        | |  2.4

Action                   |  1- 3 |  4- 6 |  7- 9 | 10-12 || total
-------------------------+-------+-------+-------+-------++-------
Melee: Unarmed           |    23 |    15 |     1 |       ||    39
       Staff             |       |    13 |       |       ||    13
       Lajatang          |       |     6 |    24 |     2 ||    32
       Great mace        |       |    77 |   109 |    46 ||   232
       Falchion          |       |       |    11 |     1 ||    12
 Fire: Shortbow          |    82 |    35 |   220 |   263 ||   600
       Hunting sling     |       |       |    42 |   114 ||   156
Throw: Javelin           |       |       |       |     2 ||     2
 Cast: Corona            |    35 |    43 |    97 |    97 ||   272
       Apportation       |     2 |       |       |       ||     2
       Slow              |     1 |    30 |    85 |    94 ||   210
       Animate Skeleton  |       |     5 |    18 |     8 ||    31
       Summon Small Mamm |       |    47 |    44 |       ||    91
       Inner Flame       |       |       |     2 |     3 ||     5
       Cause Fear        |       |       |     1 |    14 ||    15
       Leda's Liquefacti |       |       |       |     2 ||     2
Invok: Ancestor Identity |       |       |     1 |       ||     1
       Ancestor Life: Kn |       |       |     1 |       ||     1
       Recall Ancestor   |       |       |       |     7 ||     7
       Transference      |       |       |       |     1 ||     1
Evoke: Wand              |       |       |     2 |     3 ||     5
       Phial of floods   |       |       |       |     1 ||     1
  Use: Scroll            |       |    12 |     6 |     2 ||    20
       Potion            |       |     3 |     3 |     1 ||     7
 Stab: Distracted        |       |     1 |     2 |       ||     3
       Invisible         |       |       |     1 |       ||     1
Armor: Robe              |    22 |    28 |    64 |       ||   114
       Skin              |       |    12 |     1 |       ||    13
       Steam dragon scal |       |       |    21 |    36 ||    57
Dodge: Dodged            |    45 |    90 |   145 |    77 ||   357
       Rpst.: Falchion   |       |       |     2 |       ||     2

Table legend: (Time is in decaauts)
 A = Elapsed time spent in this place.
 B = Non-inter-level travel time spent in this place.
 C = Inter-level travel time spent in this place.
 D = Time resting spent in this place.
 E = Time spent auto-exploring this place.
 F = Levels seen in this place.
 G = Mean time per level.
                   A        B        C        D        E       F      G
               +--------+--------+--------+--------+--------+-----+--------+
         Total |  10790 |  10478 |    312 |      0 |      0 |  17 |  634.7 |
       Dungeon |   5618 |   5372 |    246 |      0 |      0 |   9 |  624.2 |
        Temple |     59 |     59 |      0 |      0 |      0 |   1 |   59.0 |
          Lair |   3259 |   3193 |     66 |      0 |      0 |   5 |  651.8 |
     Snake Pit |      2 |      2 |      0 |      0 |      0 |   1 |    2.0 |
       Ossuary |   1850 |   1850 |      0 |      0 |      0 |   1 | 1850.0 |
               +--------+--------+--------+--------+--------+-----+--------+

Top non-repeatable levels by time:
 Ossuary: 1850 daAuts
     D:7: 1384 daAuts
  Lair:4: 956 daAuts
  Lair:2: 884 daAuts
  Lair:1: 872 daAuts
     D:4: 731 daAuts
     D:6: 690 daAuts
     D:5: 664 daAuts
     D:9: 538 daAuts
  Lair:3: 501 daAuts
     D:1: 496 daAuts
     D:8: 422 daAuts
     D:2: 362 daAuts
     D:3: 326 daAuts
  Temple: 59 daAuts
